 Dungeon Crawl Stone Soup version 0.22.0-75-g3901e79 (webtiles) character file.

303643 Loudmushroom the Severer (level 21, -13/136 HPs)
             Began as a Gargoyle Fighter on Sept 12, 2018.
             Was the Champion of Okawaru.
             Killed by divine providence
             ... invoked by a deep elf high priest
              (15 damage)
             ... on level 4 of the Vaults on Sept 15, 2018.
             The game lasted 06:53:54 (64570 turns).

Loudmushroom the Severer (Gargoyle Fighter)        Turns: 64570, Time: 06:53:55

Health: -13/136    AC: 48    Str: 27    XL:     21   Next: 9%
Magic:  30/30      EV: 14    Int:  8    God:    Okawaru [******]
Gold:   2693       SH: 34    Dex:  8    Spells: 20/20 levels left

rFire    + + .     SeeInvis +   a - +12 war axe of Cheese {flame, rF+ Str+3}
rCold    . . .     Gourm    .   c - +10 large shield of Ignorance {rN+ Int-4}
rNeg     + + .     Faith    +   F - +5 chain mail "Otaag" {rC+ MR+ rCorr Dex-4}
rPois    ∞         Spirit   .   X - +2 helmet {SInv}
rElec    +         Reflect  .   m - scarf {repulsion}
rCorr    +         Harm     .   V - +2 pair of gloves
MR       ++...                  B - +2 pair of boots {run}
Stlth    ..........             Q - amulet of faith
HPRegen  0.32/turn              C - ring of fire
MPRegen  0.22/turn              (no ring)

@: about to teleport, heroism, flying, studying Axes, repel missiles, quick
A: big wings, negative energy resistance 1, electricity resistance, unbreathing,
petrification resistance, rot immunity, AC +16
}: 2/15 runes: decaying, gossamer
a: Stop Flying, Heroism, Finesse, Renounce Religion


You were on level 4 of the Vaults.
You worshipped Okawaru.
Okawaru was exalted by your worship.
You were hungry.

You visited 6 branches of the dungeon, and saw 34 of its levels.
You also visited: Sewer and Ossuary.

You collected 2693 gold pieces.

Inventory:

Hand Weapons
 a - the +12 war axe of Cheese (weapon) {flame, rF+ Str+3}
   (Okawaru gifted it to you on level 1 of the Vaults)

   It has been specially enchanted to burn those struck by it, causing extra
   injury to most foes and up to half again as much damage against particularly
   susceptible opponents.
   Big, fiery blades are also staple armaments of hydra-hunters.
   It affects your strength (+3).
   It protects you from fire.
 b - the +1 hunting sling "Earthworm" {velocity, rPois Str+2}
   (You found it on level 2 of the Swamp)

   Any stone fired from it inflicts extra damage.
   It affects your strength (+2).
   It protects you from poison.
 w - the +8 whip "Snakebite" {curare, rPois}
   (You found it on level 1 of the Lair of Beasts)

   It poisons the flesh of those it strikes.
   It protects you from poison.
Missiles
 L - 194 sling bullets
 R - 15 javelins (quivered)
Armour
 c - the +10 large shield of Ignorance (worn) {rN+ Int-4}
   (You took it off an orc wizard on level 1 of the Vaults)

   It affects your intelligence (-4).
   It protects you from negative energy.
 m - a scarf of repulsion (worn)
 u - a scarf of spirit shield
 B - a +2 pair of boots of running (worn)
 F - the +5 chain mail "Otaag" (worn) {rC+ MR+ rCorr Dex-4}
   (You found it on level 1 of the Swamp)

   It affects your dexterity (-4).
   It protects you from cold.
   It affects your resistance to hostile enchantments.
   It provides partial protection from all sources of acid and corrosion.
 I - the +3 hat of Pondering {ponderous, MR+ MP+10 Int+5}
   (You found it on level 1 of the Lair of Beasts)

   It affects your intelligence (+5).
   It affects your resistance to hostile enchantments.
   It affects your magic capacity (+10).
 M - a +2 plate armour of poison resistance
 V - a +2 pair of gloves (worn)
 X - a +2 helmet of see invisible (worn)
Jewellery
 C - a ring of fire (left hand)
 E - a +2 amulet of reflection
 O - a +3 ring of intelligence {unknown}
 Q - an amulet of faith (around neck)
 W - an uncursed ring of protection from cold
Wands
 h - a wand of disintegration (66)
 l - a wand of iceblast (33)
 H - a wand of flame (87)
 J - a wand of clouds (4)
 N - a wand of digging (5)
 T - a wand of acid (29)
 U - a wand of paralysis (28)
 Z - a wand of scattershot (22)
Scrolls
 e - 24 scrolls of teleportation
 g - 16 scrolls of remove curse
 j - 13 scrolls of identify
 p - 8 scrolls of magic mapping
 s - 4 scrolls of fear
 z - 2 scrolls of holy word
 G - 9 scrolls of blinking
 P - 8 scrolls of fog
 Y - a scroll of immolation
Potions
 d - 3 potions of might
 k - a potion of mutation
 o - 7 potions of agility
 q - 3 potions of lignification
 v - 2 potions of resistance
 x - 10 potions of curing
 A - 3 potions of invisibility
 D - 9 potions of haste
 K - 7 potions of heal wounds
 S - 4 potions of cancellation
Books
 t - a manual of Axes
Miscellaneous
 n - a box of beasts
 r - a phial of floods
 y - a lamp of fire
Comestibles
 f - 39 rations
 i - 7 chunks of flesh


   Skills:
 + Level 16.2(21.2) Fighting
 - Level 18.0(23.0) Axes
 + Level 16.0(21.0) Armour
 + Level 8.5(13.5) Dodging
 + Level 16.1(21.1) Shields
 - Level 10.0 Invocations
 + Level 12.6 Evocations


You had 20 spell levels left.
You didn't know any spells.
Your spell library contained the following spells:

 Spells                   Type           Power        Failure   Level  Hunger
 Beastly Appendage        Tmut           #.....       90%         1    ##.....
 Freeze                   Ice            #...         90%         1    ##.....
 Magic Dart               Conj           #...         90%         1    ##.....
 Shock                    Conj/Air       #...         90%         1    ##.....
 Sting                    Conj/Pois      #...         90%         1    ##.....
 Summon Small Mammal      Summ           #...         90%         1    ##.....
 Blink                    Tloc           N/A          97%         2    ###....
 Call Imp                 Summ           #.......     97%         2    ###....
 Poisonous Vapours        Pois/Air       #.....       97%         2    ###....
 Slow                     Hex            #.......     97%         2    ###....
 Sticks to Snakes         Tmut           #.......     97%         2    ###....
 Swiftness                Chrm/Air       #.......     97%         2    ###....
 Throw Frost              Conj/Ice       #.....       97%         2    ###....
 Call Canine Familiar     Summ           #.......     99%         3    ####...
 Conjure Flame            Conj/Fire      #.......     99%         3    ####...
 Mephitic Cloud           Conj/Pois/Air  #.......     99%         3    ####...
 Ozocubu's Armour         Chrm/Ice       #.......     99%         3    ####...
 Recall                   Summ/Tloc      N/A          99%         3    ####...
 Spider Form              Tmut/Pois      #.........   99%         3    ####...
 Static Discharge         Conj/Air       #.......     99%         3    ####...
 Summon Guardian Golem    Hex/Summ       #.......     99%         3    ####...
 Airstrike                Air            #.........   100%        4    #####..
 Animate Dead             Necr           N/A          100%        4    #####..
 Cause Fear               Hex            #.........   100%        4    #####..
 Ice Form                 Ice/Tmut       #.......     100%        4    #####..
 Olgreb's Toxic Radiance  Pois           #.......     100%        4    #####..
 Summon Ice Beast         Ice/Summ       #.......     100%        4    #####..
 Summon Lightning Spire   Summ/Air       #.......     100%        4    #####..
 Throw Icicle             Conj/Ice       #.......     100%        4    #####..
 Alistair's Intoxication  Tmut/Pois      #.......     100%        5    ######.
 Blade Hands              Tmut           #.........   100%        5    ######.
 Borgnjor's Vile Clutch   Necr/Erth      #.........   100%        5    ######.
 Lightning Bolt           Conj/Air       #.........   100%        5    ######.
 Silence                  Hex/Air        #.........   100%        5    ######.
 Summon Demon             Summ           #.........   100%        5    ######.
 Yara's Violent Unravell  Hex/Tmut       #.........   100%        5    ######.
 Death Channel            Necr           #.........   100%        6    #######
 Deflect Missiles         Chrm/Air       #.........   100%        6    #######
 Ozocubu's Refrigeration  Ice            #.........   100%        6    #######
 Shadow Creatures         Summ           N/A          100%        6    #######
 Simulacrum               Ice/Necr       #.........   100%        6    #######
 Spellforged Servitor     Conj/Summ      #.........   100%        7    #######
 Discord                  Hex            #.........   100%        8    #######
 Dragon's Call            Summ           #.........   100%        9    #######


Dungeon Overview and Level Annotations

Branches:
Dungeon (15/15)            Temple (1/1) D:6            Lair (6/6) D:9
  Swamp (4/4) Lair:4       Spider (4/4) Lair:3        Slime (0/5) Lair:5
    Orc (0/2) D:10         Vaults (4/5) D:13          Crypt (0/3) Vaults:3
 Depths (0/5) D:15

Altars:
Ashenzari
Dithmenos
Hepliaklqana
Kikubaaqudgha
Makhleb
Nemelex Xobeh
Okawaru
Ru
Sif Muna
Trog
Wu Jian
Xom
Yredelemnul
Beogh
Jiyva

Shops:
D:5 !   Vaults:3 [

Portals:
Trove: Vaults:2 (give +7 demon trident)

Annotations:
D:11 exclusion: oklob plant
Lair:2 exclusion: 2 oklob plants
Spider:1 1 runed door, Ajyxzof's ghost, adept MiBe
Vaults:3 1 runed door, Mehygaiv's ghost, adept GnFi


Innate Abilities, Weirdness & Mutations

You are resistant to torment.
Your stone body is resilient. (AC +16)
You are immune to poison.
Your large and strong wings let you fly indefinitely.
You resist negative energy. (rN+)
You are resistant to electric shocks. (rElec)
You can survive without breathing.
You are immune to petrification.
You are immune to rotting.


Message History

The golden dragon breathes fire at you. The bolt of fire hits you! You resist.
* * * LOW HITPOINT WARNING * * *
The yaktaur shoots a bolt.
The bolt completely misses you.
The bolt hits the phantasmal warrior!
You block the vault warden's attack. The phantasmal warrior hits you!
* * * LOW HITPOINT WARNING * * *
You block the storm dragon's attack.
The storm dragon claws you but does no damage.
The storm dragon tramples you but does no damage.
You hear a shout!
The yaktaur shoots a bolt.
You block the bolt. The golden eye blinks at you.
You resist with almost no effort.
The phantasmal warrior hits you but does no damage.
The golden eye changes into a spiny frog!
The vault warden activates a sealing rune.
The deep elf high priest mumbles some strange prayers to its god against you.
Something smites you!
You die...

.....#...).()).#.....#
###########)'#########
#######))#######
#......÷.......#
#..............#
#..............#
#######†c#######
#......(.pDW...# #
#.#....##.D.@#.# #
#.... #.p..# #
#..........# #
...##....##... # ....
#.F..##.... # ###
..c......###.# #
..e.##....# # # ....
#. ..# # #


You could see an ironheart preserver, a golden dragon, a storm dragon, a vault
warden, a deep elf high priest, a phantasmal warrior, 2 yaktaurs and a spiny
frog shaped shifter.

Vanquished Creatures
  the Lernaean hydra (Swamp:3)
  A bone dragon (Vaults:3)
  A tentacled monstrosity (Vaults:4)
  Asterion (Spider:4)
  The ghost of Ejov the Pyromancer, an adept DEFE of Vehumet (Vaults:4)
  Frances (Swamp:1)
  A sphinx (Vaults:4)
  2 thorn hunters
  2 tengu reavers
  3 frost giants (Vaults:4)
  5 ghost moths (Spider:4)
  4 vault wardens
  The ghost of TotesWizzard the Impaler, a journeyman MfBe of Trog (Lair:4)
  2 fire giants
  3 deep elf sorcerers (Vaults:4)
  Louise (Swamp:3)
  A very ugly thing (Vaults:4)
  8 ironheart preservers
  6 entropy weavers
  4 emperor scorpions
  2 war gargoyles (Vaults:3)
  8 stone giants
  2 deep elf demonologists (Vaults:4)
  6 dire elephants
  A deep elf annihilator (Vaults:1)
  A minotaur (Lair:4)
  5 spark wasps
  The ghost of Juriluv the Severer, a journeyman MiBe of Trog (Lair:4)
  2 ettins
  2 deep elf death magi (Vaults:3)
  Josephine (Swamp:1)
  A great orb of eyes (Vaults:2)
  9 vault guards
  5 yaktaur captains
  A fire dragon (Vaults:4)
  2 ice dragons
  2 ghost crabs (Swamp:4)
  24 hydras
  An anaconda (Lair:6)
  A death knight (D:14)
  15 two-headed ogres
  8 alligators
  9 centaur warriors
  6 ogre magi
  A two-headed ogre (shapeshifter) (D:14)
  The ghost of casual the Magician, a novice DrFE of Cheibriados (D:10)
  4 death yaks
  Nergalle (D:12)
  2 deep elf knights
  7 hell knights
  A fire crab (shapeshifter) (Vaults:1)
  3 shadow wraiths (Vaults:3)
  7 skeletal warriors
  The ghost of inc the Thaumaturge, a novice OpFE of Gozag (D:12)
  5 unseen horrors
  A spriggan druid (Swamp:3)
  An unseen horror (shapeshifter) (Vaults:1)
  A sea snake (shapeshifter) (Vaults:3)
  A shambling mangrove (Swamp:3)
  3 large abominations (Swamp:2)
  5 spectral hydras (Swamp:2)
  6 wizards
  13 ironbrand convokers
  13 swamp dragons
  A death drake (Swamp:2)
  6 deep elf archers
  4 deep trolls (Vaults:4)
  5 harpies
  Pikel (D:7)
  13 orc knights
  A cyclops (shapeshifter) (Vaults:4)
  4 phantasmal warriors
  7 necromancers
  2 orc sorcerers (Vaults:4)
  22 deep elf magi
  A fire giant zombie (Vaults:4)
  36 wolf spiders
  13 orb spiders
  9 ugly things
  39 slime creatures
  3 manticores
  A moth of wrath (Spider:2)
  Maurice (D:13)
  7 cyclopes
  8 elephants
  A human skeleton (Vaults:3)
  6 black mambas
  5 vault sentinels
  A torpor snail (Spider:3)
  19 spiny frogs
  A rime drake (shapeshifter) (D:13)
  An efreet (D:13)
  16 komodo dragons
  3 swamp worm zombies (Swamp:2)
  2 rime drakes
  2 freezing wraiths
  15 yaktaurs
  9 demonic crawlers
  A yaktaur skeleton (Vaults:4)
  5 trolls
  A tengu conjurer (D:14)
  A meliai (shapeshifter) (D:13)
  A tengu simulacrum (Vaults:4)
  22 jumping spiders
  A wind drake (shapeshifter) (Vaults:4)
  5 polar bears
  A spectral swamp dragon (Swamp:2)
  15 tyrant leeches
  A hornet (shapeshifter) (Vaults:4)
  A shadow dragon simulacrum (Vaults:4)
  22 hornets
  A raiju (shapeshifter) (Vaults:2)
  9 blink frogs
  An ettin zombie (Vaults:4)
  11 hippogriffs
  7 bog bodies
  12 dream sheep
  4 alligator zombies (Swamp:2)
  4 shadows
  A tarantella (shapeshifter) (Vaults:3)
  5 spriggans
  59 redbacks
  4 wyverns
  9 wraiths
  32 tarantellas
  A tyrant leech zombie (Swamp:2)
  25 yaks
  20 humans (D:13)
  10 vampire mosquitoes
  2 hungry ghosts
  2 yaktaur simulacra
  4 basilisks
  A human simulacrum (Vaults:3)
  11 swamp worms
  2 acid dragons
  25 water moccasins
  4 wargs
  27 insubstantial wisps
  Duvessa (D:4)
  3 spiny frog zombies (Swamp:2)
  5 soldier ants (D:10)
  7 porcupines
  4 black bears
  2 phantoms
  Purgy (Sewer)
  25 orc warriors
  An ice beast (shapeshifter) (Vaults:4)
  4 sky beasts
  10 swamp drakes
  A black bear (shapeshifter) (Vaults:2)
  An eye of draining (shapeshifter) (Vaults:4)
  14 wolves
  4 ice beasts
  20 ogres
  5 boggarts (D:14)
  20 centaurs
  An elf skeleton (Vaults:3)
  20 crocodiles
  An elf zombie (Ossuary)
  3 big kobolds
  A wyvern zombie (D:15)
  23 bullfrogs
  A troll zombie (Swamp:2)
  11 killer bees (D:10)
  3 spriggan zombies (Swamp:2)
  Dowan (D:4)
  3 scorpions
  2 howler monkeys
  21 wights
  4 electric eels
  4 centaur zombies
  6 bullfrog zombies
  7 crimson imps
  3 human zombies
  A lava snake (Lair:3)
  3 centaur skeletons
  Crazy Yiuf (D:7)
  10 hounds
  5 jellies
  12 orc priests
  3 iguanas
  12 orc wizards
  13 worker ants
  3 hound zombies
  A howler monkey zombie (D:8)
  2 mummies (Ossuary)
  A worker ant zombie (D:7)
  3 howler monkey skeletons
  16 adders
  6 gnolls
  A river rat (D:6)
  A shadow imp (D:13)
  5 oozes (D:9)
  2 adder zombies (Ossuary)
  An adder skeleton (D:4)
  2 leopard geckos
  53 orcs
  3 bats
  18 giant cockroaches
  4 goblins
  8 hobgoblins
  16 jackals
  A quokka (D:2)
  5 ball pythons
  12 frilled lizards
  A goblin zombie (Ossuary)
  5 hobgoblin zombies (Ossuary)
  2 jackal zombies (Ossuary)
  24 kobolds
  12 kobold zombies (Ossuary)
  9 orc zombies (Ossuary)
  7 rats
  2 rat zombies (Ossuary)
  9 plants
  A withered plant (Swamp:2)
1415 creatures vanquished.

Vanquished Creatures (collateral kills)
  2 swamp drakes (Swamp:4)
2 creatures vanquished.

Vanquished Creatures (others)
  A spriggan druid (Swamp:4)
  An orc warrior (Vaults:4)
  An ogre (Vaults:4)
  A worker ant (D:7)
  An orc (Vaults:1)
  16 fungi
  9 plants
  3 withered plants
33 creatures vanquished.

Grand Total: 1450 creatures vanquished

Notes
Turn   | Place    | Note
-------+----------+-------------------------------------------
     0 | D:1      | Loudmushroom the Gargoyle Fighter began the quest for the
                  | Orb.
     0 | D:1      | Reached XP level 1. HP: 14/14 MP: 1/1
    90 | D:1      | Reached skill level 2 in Axes
    99 | D:1      | Reached XP level 2. HP: 16/19 MP: 2/2
   702 | D:2      | Reached XP level 3. HP: 17/23 MP: 3/3
  1206 | D:2      | Reached XP level 4. HP: 29/29 MP: 4/4
  1437 | D:2      | Reached skill level 3 in Axes
  1740 | D:3      | Reached XP level 5. HP: 12/33 MP: 5/5
  2278 | D:4      | Noticed a phantom
  2526 | D:4      | Reached XP level 6. HP: 36/39 MP: 6/6
  2605 | D:4      | Noticed Dowan
  2698 | D:3      | Killed a phantom
  2698 | D:3      | Reached skill level 4 in Axes
  2800 | D:4      | Noticed Duvessa
  2820 | D:4      | Killed Dowan
  2822 | D:4      | Killed Duvessa
  2822 | D:4      | Reached XP level 7. HP: 26/44 MP: 7/7
  3400 | D:4      | Reached skill level 5 in Fighting
  3454 | D:4      | Reached skill level 5 in Armour
  3506 | D:4      | Reached skill level 5 in Axes
  3506 | D:4      | Reached skill level 5 in Shields
  3855 | D:5      | Entered Level 5 of the Dungeon
  3987 | D:5      | Reached XP level 8. HP: 22/49 MP: 8/8
  4326 | D:5      | Found Ceifeosai's Distillery.
  4577 | D:5      | Found a bloodstained altar of Trog.
  4681 | D:6      | Found a glowing drain.
  4692 | D:6      | Found a sand-covered staircase.
  4721 | Sewer    | Entered a sewer
  4771 | Sewer    | Noticed Purgy
  4799 | Sewer    | Killed Purgy
  5105 | D:6      | Found a deep blue altar of Sif Muna.
  5145 | D:6      | Reached skill level 6 in Axes
  5186 | D:6      | Found a staircase to the Ecumenical Temple.
  5243 | Ossuary  | Entered an ossuary
  5623 | D:6      | Reached XP level 9. HP: 37/56 MP: 9/9
  5785 | Temple   | Entered the Ecumenical Temple
  5803 | Temple   | Became a worshipper of Warmaster Okawaru
  5878 | D:6      | Found an ancient bone altar of Kikubaaqudgha.
  5969 | D:6      | You fall through a shaft for 3 floors!
  6015 | D:9      | Reached skill level 7 in Axes
  6069 | D:8      | Found Esuybam's Antique Weapon Emporium.
  6262 | D:8      | Reached * piety under Okawaru
  7287 | D:7      | Found a runed door.
  7339 | D:7      | Noticed Crazy Yiuf
  7351 | D:7      | Killed Crazy Yiuf
  7467 | D:7      | Reached skill level 8 in Axes
  7510 | D:7      | Noticed Pikel
  7528 | D:7      | Killed Pikel
  7528 | D:7      | Reached ** piety under Okawaru
  7528 | D:7      | Reached XP level 10. HP: 62/63 MP: 10/10
  7703 | D:7      | Found a hazy altar of Hepliaklqana.
  7999 | D:7      | Found a bloodstained altar of Trog.
  7999 | D:7      | Found a burning altar of Makhleb.
  7999 | D:7      | Found a basalt altar of Yredelemnul.
  8373 | D:8      | Got a twisted ring mail
  8392 | D:8      | Reached *** piety under Okawaru
  9081 | D:9      | Identified the Handbook of the Snowflakes and Intoxication
  9105 | D:9      | Reached skill level 9 in Axes
  9143 | D:9      | Reached **** piety under Okawaru
  9143 | D:9      | Reached skill level 1 in Invocations
  9241 | D:9      | Reached skill level 1 in Evocations
  9468 | D:9      | Found a staircase to the Lair.
  9544 | D:10     | Entered Level 10 of the Dungeon
  9626 | D:10     | Found the +9 staff of Olgreb {rPois}
  9647 | D:10     | Found a runed door.
  9652 | D:10     | Found a runed gate.
  9653 | D:10     | Found a runed door.
  9666 | D:10     | Found a runed gate.
  9666 | D:10     | Found a runed gate.
  9939 | D:10     | Reached ***** piety under Okawaru
  9959 | D:10     | Reached XP level 11. HP: 59/69 MP: 9/12
  9968 | D:10     | Received a gift from Okawaru
 10308 | D:10     | Noticed a two-headed ogre
 10323 | D:10     | Killed a two-headed ogre
 10839 | D:10     | Found a staircase to the Orcish Mines.
 10881 | D:10     | Found a roughly hewn altar of Beogh.
 11228 | D:10     | Identified the +1 ring mail "Yshradaf" {rN++ Str-5 Int+2
                  | Stlth+} (You found it on level 8 of the Dungeon)
 11329 | D:10     | Found a large runed door.
 11329 | D:10     | Found a large runed door.
 11332 | D:10     | Noticed casual's ghost (novice DrFE)
 11375 | D:10     | Killed casual's ghost
 11563 | Lair:1   | Entered Level 1 of the Lair of Beasts
 11563 | Lair:1   | Noticed a four-headed hydra
 11578 | Lair:1   | Killed a four-headed hydra
 11586 | Lair:1   | Reached skill level 10 in Axes
 12071 | Lair:1   | Found the +3 hat of Pondering {ponderous, MR+ MP+10 Int+5}
 12978 | Lair:1   | Reached XP level 12. HP: 65/76 MP: 15/15
 13229 | Lair:1   | Reached skill level 5 in Invocations
 13238 | Lair:1   | Found the +8 whip "Snakebite" {curare, rPois}
 13651 | Lair:1   | Received a gift from Okawaru
 14486 | Lair:2   | Reached skill level 11 in Axes
 15035 | Lair:3   | Noticed a seven-headed hydra
 15055 | Lair:3   | Killed a seven-headed hydra
 15055 | Lair:3   | Reached skill level 10 in Shields
 15242 | Lair:3   | Reached skill level 10 in Fighting
 15625 | Lair:3   | Reached skill level 10 in Armour
 15625 | Lair:3   | Reached skill level 5 in Evocations
 15681 | Lair:3   | Reached ****** piety under Okawaru
 15701 | Lair:3   | Received a gift from Okawaru
 15800 | Lair:3   | Found a hole to the Spider Nest.
 16573 | Lair:4   | Reached XP level 13. HP: 82/82 MP: 17/17
 17156 | Lair:4   | Received a gift from Okawaru
 17170 | Lair:4   | Identified a +0 pair of boots of running (Okawaru gifted it
                  | to you on level 4 of the Lair of Beasts)
 18390 | Lair:4   | Found a staircase to the Swamp.
 18526 | Lair:5   | Reached skill level 12 in Axes
 18747 | Lair:5   | Found a staircase to the Slime Pits.
 18748 | Lair:5   | Found a viscous altar of Jiyva.
 19067 | Lair:5   | Found a runed gate.
 19068 | Lair:5   | Found a runed gate.
 19069 | Lair:5   | Found a runed gate.
 19081 | Lair:5   | Noticed Juriluv's ghost (journeyman MiBe)
 19084 | Lair:5   | Noticed a minotaur
 19321 | Lair:5   | Received a gift from Okawaru
 19868 | Lair:4   | Killed a minotaur
 19905 | Lair:4   | Killed Juriluv's ghost
 20382 | Lair:6   | Entered Level 6 of the Lair of Beasts
 20963 | Lair:6   | Received a gift from Okawaru
 21143 | Lair:6   | Gained mutation: Your large and strong wings let you fly
                  | indefinitely. [Gargoyle growth]
 21143 | Lair:6   | Reached XP level 14. HP: 90/90 MP: 16/19
 22280 | Lair:6   | Noticed a dire elephant
 22280 | Lair:6   | Noticed a dire elephant
 22332 | Lair:5   | Killed a dire elephant
 22492 | Lair:6   | Killed a dire elephant
 22645 | Lair:6   | Noticed a dire elephant
 22663 | Lair:6   | Killed a dire elephant
 22793 | Lair:6   | Noticed a dire elephant
 22793 | Lair:6   | Noticed a dire elephant
 22821 | Lair:6   | Killed a dire elephant
 22829 | Lair:6   | Killed a dire elephant
 23841 | D:11     | Received a gift from Okawaru
 23841 | D:11     | Reached skill level 13 in Axes
 24344 | D:11     | Found an ornate altar of the Wu Jian Council.
 24534 | D:11     | Received a gift from Okawaru
 24562 | D:11     | Got a steaming helmet {god gift}
 24573 | D:11     | Identified the +0 helmet of Mental Paralysis {rPois Stlth+}
                  | (Okawaru gifted it to you on level 11 of the Dungeon)
 25394 | D:12     | Noticed Nergalle
 25411 | D:12     | Killed Nergalle
 25648 | D:12     | Found a runed door.
 25649 | D:12     | Noticed inc's ghost (novice OpFE)
 25663 | D:12     | Killed inc's ghost
 25669 | D:12     | Identified the Guide on Supportive Flight
 26174 | D:13     | Noticed Maurice
 26180 | D:13     | Killed Maurice
 26403 | D:13     | Reached XP level 15. HP: 86/96 MP: 21/21
 26488 | D:13     | Found a gate to the Vaults.
 26915 | D:13     | Paralysed by a wizard for 7 turns
 27044 | D:13     | Identified Yhosaj Log's Tome of Nocuous Slavery
 27421 | D:14     | Received a gift from Okawaru
 29559 | D:15     | Entered Level 15 of the Dungeon
 30500 | D:15     | Found a shadowy altar of Dithmenos.
 30862 | D:15     | Found a staircase to the Depths.
 30900 | D:15     | Received a gift from Okawaru
 31391 | Swamp:1  | Entered Level 1 of the Swamp
 31398 | Swamp:1  | Reached skill level 14 in Axes
 31473 | Swamp:1  | Found a runed gate.
 31473 | Swamp:1  | Noticed TotesWizzard's ghost (journeyman MfBe)
 31474 | Swamp:1  | Found a runed gate.
 31474 | Swamp:1  | Found a runed gate.
 31474 | Swamp:1  | Noticed a thorn hunter
 31998 | Lair:4   | Killed TotesWizzard's ghost
 31998 | Lair:4   | Reached skill level 10 in Invocations
 32564 | Swamp:1  | Killed a thorn hunter
 33127 | Swamp:1  | Noticed Frances
 33145 | Swamp:1  | Killed Frances
 33180 | Swamp:1  | Received a gift from Okawaru
 33729 | Swamp:1  | Reached XP level 16. HP: 103/103 MP: 23/23
 33764 | Swamp:1  | Noticed Josephine
 33781 | Swamp:1  | Killed Josephine
 33982 | Swamp:1  | Got a faintly humming chain mail
 33993 | Swamp:1  | Identified the +5 chain mail "Otaag" {rC+ MR+ rCorr Dex-4}
                  | (You found it on level 1 of the Swamp)
 34278 | Swamp:1  | Got a heavily runed plate armour {god gift}
 34289 | Swamp:1  | Identified the +0 plate armour of Cahawyag {rC- Int+4}
                  | (Okawaru gifted it to you on level 1 of the Swamp)
 36668 | Swamp:2  | Reached skill level 1 in Dodging
 36683 | Swamp:2  | HP: 3/104 [something/bolt of cold (6)]
 37273 | Swamp:2  | Received a gift from Okawaru
 37424 | Swamp:2  | Got a faintly humming ring mail {god gift}
 37442 | Swamp:2  | Identified the +6 ring mail of Altruism {Dex+3} (Okawaru
                  | gifted it to you on level 2 of the Swamp)
 37937 | Swamp:2  | Got a warped hunting sling
 37938 | Swamp:2  | Identified the +1 hunting sling "Earthworm" {velocity,
                  | rPois Str+2} (You found it on level 2 of the Swamp)
 38256 | Swamp:3  | Found a frozen archway.
 38909 | Swamp:3  | Noticed a thorn hunter
 38952 | Swamp:3  | Killed a thorn hunter
 39177 | Swamp:3  | Reached skill level 15 in Axes
 39299 | Swamp:3  | Found an iron altar of Okawaru.
 39686 | Swamp:4  | Entered Level 4 of the Swamp
 39842 | Swamp:4  | Noticed Louise
 40131 | Swamp:3  | Killed Louise
 40796 | Swamp:4  | Reached XP level 17. HP: 109/109 MP: 21/24
 41224 | Swamp:4  | Received a gift from Okawaru
 41657 | Swamp:4  | Noticed the 27-headed Lernaean hydra
 41727 | Swamp:3  | Killed the 20-headed Lernaean hydra
 43188 | Swamp:4  | Got a decaying rune of Zot
 43380 | Spider:1 | Entered Level 1 of the Spider Nest
 43816 | Spider:1 | Found a runed door.
 43823 | Spider:1 | Found a shimmering altar of Xom.
 43823 | Spider:1 | Noticed Ajyxzof's ghost (adept MiBe)
 43963 | Spider:1 | Reached skill level 10 in Evocations
 45414 | Spider:2 | Received a gift from Okawaru
 48497 | Spider:3 | Reached XP level 18. HP: 112/116 MP: 23/25
 48665 | Spider:3 | Reached skill level 16 in Axes
 49547 | Spider:4 | Entered Level 4 of the Spider Nest
 49558 | Spider:4 | Received a gift from Okawaru
 49759 | Spider:4 | Noticed Asterion
 49826 | Spider:4 | Killed Asterion
 50040 | Spider:4 | Reached skill level 5 in Dodging
 52288 | Spider:4 | Received a gift from Okawaru
 52938 | Spider:4 | Got a gossamer rune of Zot
 53349 | Vaults:1 | Entered Level 1 of the Vaults
 53946 | D:13     | Received a gift from Okawaru
 55271 | Vaults:1 | Received a gift from Okawaru
 55272 | Vaults:1 | Got a dazzling war axe {god gift}
 55273 | Vaults:1 | Identified the +12 war axe of Cheese {flame, rF+ Str+3}
                  | (Okawaru gifted it to you on level 1 of the Vaults)
 55417 | Vaults:1 | Reached XP level 19. HP: 122/122 MP: 27/27
 56538 | Vaults:2 | Received a gift from Okawaru
 56538 | Vaults:2 | Reached skill level 17 in Axes
 56580 | Vaults:2 | Reached skill level 15 in Fighting
 56924 | Vaults:2 | Reached skill level 15 in Shields
 57208 | Vaults:2 | Reached skill level 15 in Armour
 57776 | Vaults:2 | Found a portal to a secret trove of treasure.
 58360 | Lair:6   | Got a warped trident
 58361 | Lair:6   | Identified the +5 trident of Cheibriados's Hope {holy, rC+}
                  | (You found it on level 6 of the Lair of Beasts)
 59239 | Vaults:3 | Found Naaronymm's Antique Armour Emporium.
 59417 | Vaults:3 | Received a gift from Okawaru
 59454 | Vaults:3 | Noticed a bone dragon
 59455 | Vaults:3 | Found a staircase to the Crypt.
 59476 | Vaults:3 | Killed a bone dragon
 60447 | Vaults:3 | Found a runed door.
 60447 | Vaults:3 | Noticed Mehygaiv's ghost (adept GnFi)
 60493 | Vaults:3 | Reached XP level 20. HP: 130/130 MP: 28/28
 60864 | Vaults:3 | Received a gift from Okawaru
 60962 | Vaults:3 | Got a slimy hat {god gift}
 60973 | Vaults:3 | Identified the +1 hat of Ytighoym {rF+} (Okawaru gifted it
                  | to you on level 3 of the Vaults)
 62050 | Vaults:4 | Reached skill level 18 in Axes
 62168 | Vaults:4 | Found a large runed door.
 62169 | Vaults:4 | Found a large runed door.
 62169 | Vaults:4 | Noticed Ejov's ghost (adept DEFE)
 62199 | Vaults:4 | Killed Ejov's ghost
 62199 | Vaults:4 | Received a gift from Okawaru
 62537 | Vaults:4 | Noticed a Tzitzimitl
 62546 | Vaults:4 | Noticed a Tzitzimitl
 64057 | Vaults:4 | Received a gift from Okawaru
 64128 | Vaults:4 | Reached XP level 21. HP: 92/136 MP: 30/30
 64316 | Vaults:4 | Received a gift from Okawaru
 64546 | Vaults:4 | Noticed a golden dragon
 64568 | Vaults:4 | HP: 1/136 [phantasmal warrior (16)]
 64570 | Vaults:4 | Killed from afar by a deep elf high priest

Skill      XL: |  1  2  3  4  5  6  7  8  9 10 11 12 13 14 15 16 17 18 19 20 |
---------------+-------------------------------------------------------------+-----
Axes           | 2 3 4 5 6 8 9 10 11 12 13 14 15 16 17 18 | 18.0
Shields        | 4 5 6 7 8 9 10 11 12 13 14 15 16 | 16.1
Fighting       | 4 5 6 7 8 9 10 11 12 13 14 15 16 | 16.2
Armour         | 4 5 6 7 8 9 10 11 12 13 14 15 16 | 16.0
Invocations    | 2 4 6 7 9 10 | 10.0
Evocations     | 2 3 5 6 7 8 9 10 11 12 | 12.6
Dodging        | 2 4 6 7 8 |  8.5

Action                   |  1- 3 |  4- 6 |  7- 9 | 10-12 | 13-15 | 16-18 | 19-21 || total
-------------------------+-------+-------+-------+-------+-------+-------+-------++-------
Melee: War axe           |   139 |   215 |   581 |   621 |    29 |   223 |   989 ||  2797
       Morningstar       |       |       |       |    16 |    24 |       |       ||    40
       Whip              |       |       |       |   295 |  1833 |       |       ||  2128
       Broad axe         |       |       |       |       |    87 |  1505 |       ||  1592
 Fire: Hunting sling     |       |       |       |     4 |     5 |       |       ||     9
Invok: Heroism           |       |       |       |     8 |    14 |    23 |     7 ||    52
       Finesse           |       |       |       |       |     3 |     3 |     2 ||     8
  Use: Scroll            |       |       |    13 |    14 |    19 |    11 |     5 ||    62
 Stab: Distracted        |       |       |       |       |       |       |     1 ||     1
  Eat: Chunk             |     1 |     5 |    11 |    21 |    31 |    30 |    21 ||   120
       Ration            |       |       |     2 |     3 |     7 |    11 |     2 ||    25
Armor: Scale mail        |    58 |       |       |       |       |       |       ||    58
       Chain mail        |    64 |   141 |    34 |       |       |  1412 |   228 ||  1879
       Plate armour      |       |       |   365 |   734 |  1084 |    21 |       ||  2204
       Ring mail         |       |       |       |       |       |     3 |       ||     3
Dodge: Dodged            |    51 |    56 |    99 |   243 |   339 |   551 |   111 ||  1450
       Deflected         |       |       |       |       |       |     6 |    11 ||    17
Block: Shield            |    90 |   123 |   416 |   637 |  1078 |   429 |       ||  2773
       Reflection        |       |       |     4 |     2 |       |       |       ||     6
       Large shield      |       |       |       |       |       |  1315 |  1028 ||  2343
